AoeStats
← Dr. Prince

MegaRandom

510228823Analyzed
3v3 RM · 2d ago on Sep 30, 2026· 36m 17s· 6 players
Game mode
Random Map
Map size
Normal (6 player)
Population
200
Speed
Normal
Resources
Standard
Victory
Conquest
Starting age
Dark Age
Ending age
Imperial Age
RankedLock teamsTeams togetherTeam positionsShared explorationLock speedFull tech treeHidden civsTurbo modeCheats
Victory
Defeat
🇲🇽 Persians · Mexico
1142
+15
🇵🇪 Sicilians · Peru
1109
+16
🇨🇳 Japanese · China
1074
+18
🇺🇸 Wei · United States
1147
-17
🇺🇸 Wu · United States
1146
-18
🇺🇸 Muisca · United States
1056
-14
Gun
2:20 Loom
11:44 Feudal Age
20:12 Champi Runner
21:00 Horse Collar
28:35 Castle Age
26:36 Double-Bit Axe
29:39 Padded Archer Armor
29:29 Fletching
31:31 Bow Saw
32:13 Leather Archer Armor
31:53 Bodkin Arrow
32:08 Elite Skirmisher
34:11 Thumb Ring
Grog Father
10:10 Feudal Age
10:39 Double-Bit Axe
10:36 Horse Collar
13:23 Man-at-Arms
13:57 Loom
14:52 Scale Mail Armor
20:29 Castle Age
18:58 Gold Mining
19:53 Forging
19:49 Scale Barding Armor
20:01 Bloodlines
23:48 Gold Shaft Mining
25:21 Bow Saw
27:32 Iron Casting
30:32 Stone Mining
31:13 Heavy Plow
31:53 Stone Shaft Mining
36:00 Pikeman
Dr. Prince
6:27 Loom
9:33 Feudal Age
16:28 Bloodlines
19:28 Double-Bit Axe
21:44 Castle Age
22:44 Scale Barding Armor
23:23 Pikeman
26:43 Scale Mail Armor
29:22 Squires
30:59 Elite Skirmisher
32:48 Fletching
BlankZombie18
1:54 Loom
6:14 Loom
6:18 Loom
8:58 Feudal Age
9:31 Double-Bit Axe
11:59 Town Watch
16:58 Wheelbarrow
21:44 Castle Age
20:43 Forging
21:50 Bloodlines
23:42 Husbandry
29:02 Scale Barding Armor
29:32 Iron Casting
32:02 Town Patrol
33:06 Hand Cart
ReverbMate
8:10 Loom
11:15 Feudal Age
11:44 Double-Bit Axe
15:20 Horse Collar
20:08 Gold Mining
21:55 Fletching
26:09 Castle Age
24:37 Stone Mining
25:21 Scale Mail Armor
26:24 Forging
26:41 Pikeman
27:59 Town Watch
29:29 Wheelbarrow
28:46 Crossbowman
30:12 Bodkin Arrow
32:13 Heavy Plow
35:57 Scale Barding Armor
6691205
12:16 Feudal Age
12:54 Double-Bit Axe
13:49 Wheelbarrow
15:10 Loom
17:23 Fletching
18:25 Town Watch
19:19 Gold Mining
20:11 Padded Archer Armor
25:05 Castle Age
24:38 Stone Mining
25:19 Bloodlines
25:45 Bodkin Arrow
25:53 Husbandry
26:23 Bow Saw
25:43 Crossbowman
29:20 Leather Archer Armor
30:37 Thumb Ring
Connection lost

Rejoining the realm…

Still unreachable

The connection could not be restored.

Session expired

The server has moved on; the page needs a fresh start.